 Dungeon Crawl Stone Soup version 0.31-a0-133-gaae73658be (webtiles) character file.

Game seed: 9309666523397109957

427 xian the Trooper (level 6, -14/58 HPs)
             Began as a Naga Berserker on June 3, 2023.
             Was a Follower of Trog.
             Killed from afar by a will-o-the-wisp (25 damage)
             ... with a foxfire
             ... on level 1 of the Abyss.
             The game lasted 00:06:42 (2225 turns).

xian the Trooper (Naga Berserker)                   Turns: 2225, Time: 00:06:43

Health: -14/58     AC:  5    Str: 21    XL:     6   Next: 97%
Magic:  6/6        EV:  9    Int:  7    God:    Trog [*.....]
Gold:   174        SH:  0    Dex: 11    Spells: 5/5 levels left

rFire   . . .        a - +0 hand axe
rCold   . . .        (no shield)
rNeg    . . .        k - +0 ring mail
rPois   +            (no helmet)
rElec   .            (no cloak)
rCorr   .            (no gloves)
SInv    +            (no barding)
Will    .....        (no amulet)
Stlth   +            (no ring)
HPRegen 0.29/turn    (no ring)
MPRegen 0.10/turn

%: no passive effects
@: very slow
A: AC +2, large, see invisible, deformed body, poison resistance, slowness 2,
spit poison 1, naga tail 1
a: Spit Poison, Renounce Religion, Berserk


You were on level 1 of the Abyss.
You worshipped Trog.
Trog was aware of your devotion.
You visited 1 branch of the dungeon, and saw 3 of its levels.
You visited the Abyss 1 time.

You collected 174 gold pieces.

Inventory:

Hand Weapons
 a - a +0 hand axe (weapon)
Missiles
 j - a throwing net
 l - 2 atropa-tipped darts
Armour
 k - a +0 ring mail (worn)
Scrolls
 b - a scroll of poison
 c - a scroll of vulnerability {unknown}
 f - a scroll of enchant weapon
 g - 2 scrolls of torment {unknown}
 h - a scroll of blinking
 i - a scroll of amnesia
 m - a scroll of teleportation
 n - 2 scrolls of enchant armour
 s - a scroll of brand weapon {unknown}
 u - a scroll of magic mapping
Potions
 d - a potion of enlightenment {unknown}
 e - 2 potions of curing {unknown}
 o - a potion of ambrosia {unknown}
 p - a potion of degeneration {unknown}
 q - a potion of magic {unknown}
 r - a potion of mutation {unknown}
 t - a potion of haste {unknown}


   Skills:
 + Level 4.7 Fighting
 + Level 4.7 Axes
 + Level 3.2 Armour
 + Level 2.6 Dodging
 + Level 1.4 Stealth


You had 5 spell levels left.
You didn't know any spells.
Your spell library contained the following spells:

 Spells                   Type           Power      Damage    Failure   Level
 Magic Dart               Conj           0%         1d3       58%         1
 Call Imp                 Summ           0%         N/A       75%         2
 Poisonous Vapours        Pois/Air       0%         N/A       75%         2
 Mephitic Cloud           Conj/Pois/Air  0%         N/A       92%         3
 Freezing Cloud           Conj/Ice/Air   0%         6-21      100%        5


Dungeon Overview and Level Annotations

Branches:
Dungeon (3/15)

Altars:
Zin

Annotations:
D:3 Johnnytightlips's ghost, amateur DsNe


Innate Abilities, Weirdness & Mutations

Your serpentine skin is tough. (AC +2)
You have supernaturally acute eyesight. (SInv)
Armour fits poorly on your strangely shaped body.
Your system is resistant to poisons. (rPois)
You cover ground very slowly.
You can spit poison.
You have a snake-like lower body.


Message History

The small abomination hits you!
* * * LOW HITPOINT WARNING * * *
You barely miss the small abomination.
The small abomination is moderately damaged.
The small abomination hits you!
* * * LOW HITPOINT WARNING * * *
You slash the small abomination!
The small abomination is severely damaged.
You hit the small abomination but do no damage.
The small abomination is severely damaged.
The small abomination hits you!
* * * LOW HITPOINT WARNING * * *
You hit the small abomination but do no damage.
The small abomination is severely damaged.
The small abomination barely misses you.
You slash the small abomination!
The small abomination is almost destroyed.
You slash the small abomination!
You destroy the small abomination!
Trog accepts your kill.
Your Armour skill increases to level 3!
Unknown command.
Calm down first, please.
You feel a strong urge to attack something.
You are no longer berserk.
You are exhausted.
You feel yourself slow down.
You feel yourself speed up.
You recover from your berserk rage.
A will-o-the-wisp appears in a shower of translocational energy.
The will-o-the-wisp gives a chilling moan.
The will-o-the-wisp gestures.
The will-o-the-wisp conjures some foxfire! 2 foxfires come into view.
You hit the foxfire.
The foxfire is lightly damaged.
You closely miss the will-o-the-wisp. The foxfire hits you!
* * * LOW HITPOINT WARNING * * *
The foxfire hits you!!
You die...

..# . ... #
..#....'..#
. #.#..'.##
#.#.#.#.##
#. .#..###
##.#....>#
# #ยงยง..##
#vv##.#
###@#.###
#...#.#
#####.. ..#
# ##. #. .


You could see a will-o-the-wisp.

Vanquished Creatures
  Sigmund (D:2)
  A small abomination (Abyss:1)
  A scorpion (D:3)
  Natasha (thrice) (D:2)
  2 adders
  3 ball pythons
  7 bats
  5 endoplasms (D:3)
  4 giant cockroaches
  4 goblins
  A hobgoblin (D:3)
  2 kobolds (D:3)
  2 quokkas (D:2)
  3 frilled lizards
  4 rats
43 creatures vanquished.

Vanquished Creatures (others)
  A foxfire (Abyss:1)
1 creature vanquished.

Grand Total: 44 creatures vanquished

Notes
Turn   | Place    | Note
-------+----------+-------------------------------------------
     0 | D:1      | xian the Naga Berserker began the quest for the Orb.
     0 | D:1      | Reached XP level 1. HP: 21/21 MP: 1/1
   480 | D:1      | Reached XP level 2. HP: 28/28 MP: 2/2
   681 | D:2      | Noticed Natasha
   688 | D:2      | Killed Natasha
   689 | D:2      | Reached XP level 3. HP: 34/34 MP: 3/3
   727 | D:2      | Noticed Natasha
   736 | D:2      | Killed Natasha
   737 | D:2      | Reached XP level 4. HP: 5/44 MP: 4/4
  1111 | D:2      | Noticed Natasha
  1114 | D:2      | Killed Natasha
  1165 | D:2      | Noticed Sigmund
  1194 | D:2      | Killed Sigmund
  1195 | D:2      | Reached skill level 1 in Stealth
  1195 | D:2      | Reached XP level 5. HP: 51/51 MP: 5/5
  1195 | D:2      | Reached XP level 6. HP: 58/58 MP: 6/6
  1839 | D:3      | Found a glowing silver altar of Zin.
  2104 | D:3      | Found a runed translucent gate.
  2104 | D:3      | Found a runed translucent gate.
  2104 | D:3      | Found a runed translucent gate.
  2105 | D:3      | Noticed Johnnytightlips's ghost (amateur DsNe)
  2118 | Abyss:1  | Cast into level 1 of the Abyss (kobold)
  2216 | Abyss:1  | Noticed a will-o-the-wisp
  2225 | Abyss:1  | Killed from afar by a will-o-the-wisp

Illustrated notes

Levels and vault maps discovered:
D:1:      heliophobic_arrival_glass_houses, layout_basic, hangedman_glass_teeth,
          nicolae_kite_square_tiling_tiny
D:2:      layout_basic, minmay_curled_crystal, uniq_natasha, uniq_sigmund
D:3:      layout_basic, zin_statuary, gammafunk_ghost_nasty_kobolds,
          uniq_crazy_yiuf_cottage
Abyss:1:  base:
Temple

Skill      XL: |  1  2  3  4  5  6 |
---------------+-------------------+-----
Dodging        | 2 |  2.6
Armour         | 2 3 |  3.2
Fighting       | 4 |  4.7
Axes           | 4 |  4.7
Stealth        | 1 |  1.4

Action                     |  1- 3 |  4- 6 || total
---------------------------+-------+-------++-------
  Melee: Hand axe          |    36 |    57 ||    93
         Punch             |       |     1 ||     1
 Invoke: Berserk           |     2 |     3 ||     5
Ability: Spit Poison       |    11 |    23 ||    34
    Use: Scroll            |       |     8 ||     8
 Armour: Animal skin       |     7 |       ||     7
         Ring mail         |     8 |    22 ||    30
  Dodge: Dodged            |    37 |    35 ||    72

Table legend: (Time is in decaauts)
 A = Elapsed time spent in this place.
 B = Non-inter-level travel time spent in this place.
 C = Inter-level travel time spent in this place.
 D = Time resting spent in this place.
 E = Time spent auto-exploring this place.
 F = Levels seen in this place.
 G = Mean time per level.
                   A        B        C        D        E       F      G
               +--------+--------+--------+--------+--------+-----+--------+
         Total |   2962 |   2908 |     54 |      0 |   2324 |   4 |  740.5 |
       Dungeon |   2823 |   2769 |     54 |      0 |   2246 |   3 |  941.0 |
         Abyss |    139 |    139 |      0 |      0 |     78 |   1 |  139.0 |
               +--------+--------+--------+--------+--------+-----+--------+

Top non-repeatable levels by time:
     D:3: 1140 daAuts
     D:1: 902 daAuts
     D:2: 781 daAuts
 Abyss:1: 139 daAuts
